 Dungeon Crawl Stone Soup version 0.20-a0-1089-g3fde505 (webtiles) character file.

21598 sveltemanboy the Spear-Bearer (level 12, 0/81 HPs)
             Began as a Demonspawn Monk on May 2, 2017.
             Was an Elder of Ashenzari.
             Slain by a blink frog (4 damage)
             ... on level 3 of the Lair of Beasts.
             The game lasted 00:37:46 (14580 turns).

sveltemanboy the Spear-Bearer (Demonspawn Monk)    Turns: 14580, Time: 00:37:47

Health: 0/81       AC:  9    Str: 21    XL:     12   Next: 55%
Magic:  17/17      EV: 13    Int: 16    God:    Ashenzari [****..]
Gold:   595        SH:  0    Dex: 15    Spells: 11/14 levels left

rFire    + . .     SeeInvis +   A - +12 glaive of Prune {chop} (curse)
rCold    . . .     Gourm    .   (shield currently unavailable)
rNeg     . . .     Faith    .   l - +0 ring mail {rF+}
rPois    .         Spirit   .   (helmet unavailable)
rElec    .         Reflect  .   f - +2 cloak (curse)
rCorr    .         Harm     .   (no gloves)
MR       .....     Clarity  +   (no boots)
Stlth    +.........             (no amulet)
Regen    0.3/turn               v - ring of Gunuih {Wiz Int+4} (curse)
MPRegen  0.2/turn               e - +4 ring of strength

@: no status effects
A: antennae 3, rot immunity, sturdy frame 3
a: Curse Item, Scrying, Renounce Religion


You were on level 3 of the Lair of Beasts.
You worshipped Ashenzari.
Ashenzari was greatly pleased with you.
You were not hungry.

You visited 2 branches of the dungeon, and saw 14 of its levels.

You collected 595 gold pieces.

Inventory:

Hand Weapons
 A - the cursed +12 glaive of Prune (weapon) {chop}
   (You found it on level 6 of the Dungeon)

   It inflicts extra damage upon your enemies.
   It has a curse placed upon it.
Missiles
 p - 3 throwing nets (quivered)
Armour
 f - a cursed +2 cloak (worn)
 l - a +0 ring mail of fire resistance (worn)
Jewellery
 e - a +4 ring of strength (right hand)
 v - the cursed ring of Gunuih (left hand) {Wiz Int+4}
   (You found it on level 9 of the Dungeon)

   [ring of wizardry]

   It improves your spell success rate.
   It affects your intelligence (+4).
   It has a curse placed upon it.
Wands
 a - a wand of enslavement (9/24)
 b - a wand of scattershot (4/9)
 n - a wand of digging (11/24)
 o - a wand of polymorph (5/24)
Scrolls
 d - 4 scrolls of teleportation
 g - 4 scrolls of fear
 h - 3 scrolls of amnesia
 j - 5 scrolls of enchant weapon
 k - a scroll of magic mapping
 x - 2 scrolls of identify
 y - 2 scrolls of remove curse
Potions
 q - 3 potions of curing
 r - 2 potions of lignification {unknown}
 s - a potion of mutation {unknown}
 u - a potion of might {unknown}
 w - 2 potions of brilliance
Books
 z - a book of Callings

   Spells                             Type                      Level
   a - Summon Small Mammal            Summoning                    1
   b - Call Imp                       Summoning                    2
   c - Call Canine Familiar           Summoning                    3
   d - Summon Guardian Golem          Hexes/Summoning              3
   e - Summon Lightning Spire         Summoning/Air                4
   f - Summon Ice Beast               Ice/Summoning                4
Miscellaneous
 D - a sack of spiders
Comestibles
 c - 8 bread rations
 i - 24 fruits
 m - 6 chunks of flesh
 t - 5 royal jellies
 B - 6 meat rations


   Skills:
 - Level 3.3 Fighting
   Level 9.9 Long Blades
 * Level 13.9(18.0) Polearms
 - Level 4.0 Armour
 - Level 3.0 Dodging
 - Level 1.7 Stealth
 - Level 1.5 Spellcasting
 + Level 1.7 Summonings
 + Level 7.8 Evocations


You had 11 spell levels left.
You knew the following spells:

 Your Spells              Type           Power        Failure   Level  Hunger
a - Call Canine Familiar  Summ           #.......     13%         3    ####...


Dungeon Overview and Level Annotations

Branches:
Dungeon (11/15)            Temple (0/1) D:6            Lair (3/6) D:9
 Spider (0/4) Lair:3          Orc (0/2) D:10
  Swamp: Lair:2-4    Shoals: Lair:2-4

Altars:
Ashenzari
Fedhas
Nemelex Xobeh
Sif Muna
Trog
Uskayaw
Vehumet
Xom

Shops:
D:8 (

Annotations:
D:8 Psyche
Lair:3 Snorg


Innate Abilities, Weirdness & Mutations

You have a pair of large antennae on your head. (SInv)
You are immune to rotting.
Your movements are significantly less encumbered by armour. (ER -6)


Message History

The blink frog hits you.
You slash the blink frog!
The blink frog is almost dead.
The blink frog hits you.
* * * LOW HITPOINT WARNING * * *
The blink frog blinks!
The blink frog barely misses you.
You swap places.
Your soldier ant misses the blink frog.
Your soldier ant stings the blink frog!
The blink frog hits your soldier ant.
You barely miss the blink frog.
The blink frog is heavily wounded.
The blink frog completely misses you.
The blink frog hits your soldier ant but does no damage.
Your soldier ant stings the blink frog.
The blink frog dies!
Your soldier ant stings the blink frog!
The blink frog is poisoned.
Your soldier ant poisons the blink frog!
The blink frog hits you!
* * * LOW HITPOINT WARNING * * *
The blink frog blinks!
The blink frog hits you.
You die...

#...# ,,.####....### ...
#...## ....((.....##
...* #....#
*...........### ... *
#....## ...............
... ##...#.#
#..>#####...... ...,*
#......#####F..#
#.......
...,#####.........†...##
#.......
...##.###......aaas....#
##...#..
...[...........§@F.[..##
#P...###
.......†....P#####....#
##P..P## .....)......##
##...## #.....#.
§..$P.#.#...## #...P#
#....#.≈ ...###..§§..P#
##...## #.....≈. {..
#........# #....##
#...≈≈≈≈ ...*#F..#§..##
##...P###.≈≈≈≈≈≈
..#.......#.#
##...###.≈≈≈≈≈≈≈
.#.F......###
#....#P...≈≈≈..≈


You could see 2 blink frogs, 3 friendly soldier ants and a friendly redback.

Vanquished Creatures
  Gastronok (Lair:3)
  2 hydras
  Nergalle (Lair:3)
  The ghost of Avack the Artisan of Death, a novice KoWz of Kikubaaqudgha (D:10)
  The ghost of Malvoorn the Carver, a novice TeBe of Trog (D:7)
  An elephant (D:9)
  Joseph (D:10)
  2 black mambas
  A centaur zombie (D:11)
  5 spiny frogs
  3 komodo dragons
  7 blink frogs
  Prince Ribbit (D:7)
  2 hippogriffs
  A redback (Lair:3)
  A spriggan (D:7)
  Sigmund (D:4)
  6 basilisks
  16 yaks
  A wyvern (D:10)
  2 hungry ghosts
  Eustachio (D:4)
  Grum (Lair:1)
  Edmund (D:6)
  4 water moccasins
  6 two-headed ogre zombies (D:11)
  2 porcupines
  An orc warrior (D:8)
  2 sky beasts (D:5)
  2 ice beasts
  3 phantoms
  2 black bears
  6 wolves (Lair:1)
  2 centaurs
  4 ogres
  4 crocodiles
  A big kobold (D:9)
  10 bullfrogs
  A gnoll sergeant (D:9)
  A wyvern zombie (D:7)
  5 scorpions
  10 killer bees
  4 howler monkeys
  6 crimson imps
  4 jellies
  4 hounds
  2 bullfrog skeletons
  A centaur skeleton (D:10)
  A gnoll shaman (D:4)
  7 orc priests
  11 orc wizards
  Crazy Yiuf (D:4)
  6 iguanas
  7 worker ants
  A hound skeleton (D:4)
  2 hound zombies
  Robin (D:4)
  14 gnolls
  10 adders
  3 river rats (D:4)
  2 shadow imps
  An ooze (D:1)
  An adder skeleton (D:4)
  2 worms
  8 leopard geckos
  29 orcs
  A ball python (D:2)
  6 giant cockroaches
  12 goblins
  10 hobgoblins
  12 jackals
  12 kobolds
  5 quokkas
  5 bats
  7 frilled lizards
  2 quokka zombies (D:7)
  10 rats
336 creatures vanquished.

Vanquished Creatures (collateral kills)
  A blink frog (Lair:3)
1 creature vanquished.

Vanquished Creatures (others)
  A quokka (D:11)
  2 fungi (Lair:2)
  2 plants (Lair:2)
5 creatures vanquished.

Grand Total: 342 creatures vanquished

Notes
Turn   | Place    | Note
-------+----------+-------------------------------------------
     0 | D:1      | sveltemanboy the Demonspawn Monk began the quest for the Orb.
     0 | D:1      | Reached XP level 1. HP: 18/18 MP: 1/1
    40 | D:1      | Gained mutation: You have a pair of small antennae on your head. [demonic ancestry]
    40 | D:1      | Reached XP level 2. HP: 12/24 MP: 2/2
    46 | D:1      | HP: 1/24 [goblin/dagger (5)]
   694 | D:1      | Reached skill level 1 in Armour
   918 | D:2      | Gained mutation: Your movements are slightly less encumbered by armour. (ER -2) [demonic ancestry]
   918 | D:2      | Reached XP level 3. HP: 24/29 MP: 3/3
  1130 | D:2      | Found a sparkling altar of Nemelex Xobeh.
  1693 | D:3      | Found a deep blue altar of Sif Muna.
  1811 | D:3      | Reached XP level 4. HP: 35/35 MP: 4/4
  2230 | D:4      | Noticed a phantom
  2255 | D:4      | Gained mutation: You have a pair of antennae on your head. [demonic ancestry]
  2255 | D:4      | Reached XP level 5. HP: 26/41 MP: 5/5
  2259 | D:4      | Noticed Sigmund
  2275 | D:4      | HP: 2/61 [Sigmund/scythe (5)]
  2277 | D:4      | Killed Sigmund
  2277 | D:4      | Reached skill level 5 in Long Blades
  2277 | D:4      | Reached XP level 6. HP: 3/47 MP: 6/6
  2303 | D:4      | Noticed Eustachio
  2876 | D:4      | Reached XP level 7. HP: 42/52 MP: 7/7
  3468 | D:4      | Killed Eustachio
  3665 | D:4      | Noticed Robin
  3701 | D:4      | Killed Robin
  4317 | D:4      | Reached XP level 8. HP: 33/58 MP: 8/8
  4686 | D:4      | Found a runed door.
  4793 | D:4      | Noticed Crazy Yiuf
  4801 | D:4      | Killed Crazy Yiuf
  5099 | D:5      | Entered Level 5 of the Dungeon
  6031 | D:6      | Noticed Edmund
  6044 | D:6      | Killed Edmund
  6400 | D:6      | Reached skill level 1 in Polearms
  6441 | D:6      | Found a shattered altar of Ashenzari.
  6448 | D:6      | Gained mutation: Your movements are less encumbered by armour. (ER -4) [demonic ancestry]
  6448 | D:6      | Reached XP level 9. HP: 64/64 MP: 9/9
  6510 | D:6      | Reached skill level 2 in Polearms
  6532 | D:6      | Reached skill level 3 in Polearms
  6735 | D:6      | Became a worshipper of Ashenzari the Shackled
  6735 | D:6      | Reached * piety under Ashenzari
  6735 | D:6      | Reached ** piety under Ashenzari
  6908 | D:6      | Found a staircase to the Ecumenical Temple.
  7029 | D:7      | Reached skill level 4 in Polearms
  7136 | D:7      | Found a radiant altar of Vehumet.
  7180 | D:7      | Noticed Malvoorn's ghost (novice TeBe)
  7341 | D:7      | Found a bloodstained altar of Trog.
  7341 | D:7      | Found a blossoming altar of Fedhas.
  7345 | D:7      | Reached skill level 5 in Polearms
  7373 | D:7      | Found a shimmering altar of Xom.
  7546 | D:7      | Reached skill level 6 in Polearms
  7648 | D:7      | Noticed Prince Ribbit
  7654 | D:7      | Killed Prince Ribbit
  7684 | D:7      | Killed Malvoorn's ghost
  7684 | D:7      | Reached skill level 7 in Polearms
  7821 | D:7      | Noticed a dagger
  7821 | D:7      | Noticed a dagger
  7822 | D:7      | Found a hide-covered altar of Uskayaw.
  7921 | D:8      | Gained mutation: You have a pair of large antennae on your head. (SInv) [demonic ancestry]
  7921 | D:8      | Reached XP level 10. HP: 39/70 MP: 10/10
  8235 | D:8      | Reached skill level 8 in Polearms
  8467 | D:8      | Found Uckuufoi's Weapon Boutique.
  8916 | D:8      | Noticed Psyche
  9268 | D:9      | Reached skill level 9 in Polearms
  9418 | D:9      | Found a staircase to the Lair.
  9418 | D:9      | Noticed an elephant
  9534 | D:9      | Identified the ring of Gunuih {Wiz Int+4}
  9596 | D:9      | Reached *** piety under Ashenzari
  9622 | D:9      | Killed an elephant
  9622 | D:9      | Reached skill level 10 in Polearms
  9813 | D:9      | Reached skill level 1 in Evocations
 10378 | D:10     | Entered Level 10 of the Dungeon
 10378 | D:10     | Noticed Joseph
 10384 | D:10     | Killed Joseph
 10512 | D:10     | Found a staircase to the Orcish Mines.
 10518 | D:10     | Noticed Avack's ghost (novice KoWz)
 10677 | D:10     | Killed Avack's ghost
 10677 | D:10     | Reached skill level 11 in Polearms
 10677 | D:10     | Gained mutation: Your movements are significantly less encumbered by armour. (ER -6) [demonic ancestry]
 10677 | D:10     | Reached XP level 11. HP: 69/75 MP: 13/13
 11984 | Lair:1   | Entered Level 1 of the Lair of Beasts
 12205 | Lair:1   | Noticed Grum
 12229 | Lair:1   | Killed Grum
 12469 | Lair:1   | Reached skill level 12 in Polearms
 12469 | Lair:1   | Reached skill level 5 in Evocations
 12689 | Lair:1   | Noticed a five-headed hydra
 12691 | Lair:1   | Killed a five-headed hydra
 13017 | Lair:2   | Reached **** piety under Ashenzari
 13268 | Lair:2   | Noticed an eight-headed hydra
 13283 | Lair:2   | Killed a nine-headed hydra
 13394 | Lair:2   | Gained mutation: You are immune to rotting. [demonic ancestry]
 13394 | Lair:2   | Reached XP level 12. HP: 63/81 MP: 16/16
 13395 | Lair:2   | Reached skill level 13 in Polearms
 14165 | Lair:3   | Noticed Snorg
 14192 | Lair:3   | Noticed Nergalle
 14364 | Lair:3   | Found a hole to the Spider Nest.
 14426 | Lair:3   | Learned a level 3 spell: Call Canine Familiar
 14432 | Lair:3   | Noticed Gastronok
 14445 | Lair:3   | Killed Gastronok
 14445 | Lair:3   | Reached skill level 1 in Spellcasting
 14459 | Lair:3   | Killed Nergalle
 14522 | Lair:3   | Reached skill level 1 in Summonings
 14580 | Lair:3   | HP: 4/81 [blink frog (16)]
 14580 | Lair:3   | Slain by a blink frog

Vault maps used:
D:1:      lightli_arrival_boilingwater, minmay_hexomino_c4
D:2:      lemuel_doored_altar
D:3:      led_sif_book, dk_vineyard_3
D:4:      lightli_sewer_entry_pipes, uniq_eustachio, uniq_robin,
          uniq_crazy_yiuf_cottage, uniq_sigmund
D:5:      first_bread, kennysheep_generic_room_5
D:6:      minmay_temple_entry_water_ring, cheibrodos_ashenzari_chains,
          uniq_edmund
D:7:      chequers_temple_overflow_statue_of_worship, dancing_weapons_uskayaw,
          the_bakery, uniq_prince_ribbit1
D:8:      nicolae_overflow_hidden_temple, serial_shops, kennysheep_little_box,
          minmay_strange_pillars, uniq_psyche
D:9:      david_lair_generic
D:10:     orc_0_dummy, uniq_joseph
D:11:     lemuel_ogre_cave, elyvilon_altar_4
Lair:1:   uniq_grum
Lair:3:   shoals_dummy_entry, spider_nest_entry_a, grunt_megastairs_2,
          infiniplex_staircase_pool_2, lemuel_fruit_fields, uniq_gastronok,
          uniq_nergalle, uniq_snorg

Skill      XL: |  1  2  3  4  5  6  7  8  9 10 11 12 |
---------------+-------------------------------------+-----
Dodging        | 3 |  3.0
Armour         | 1 2 3 4 |  4.0
Long Blades    | 3 4 5 7 9 |  9.9
Polearms       | 1 7 11 12 13 | 13.9
Evocations     | 3 6 7 |  7.8
Spellcasting   | 1 |  1.5
Summonings     | 1 |  1.7
Fighting       | |  3.3
Stealth        | |  1.7

Action                   |  1- 3 |  4- 6 |  7- 9 | 10-12 || total
-------------------------+-------+-------+-------+-------++-------
Melee: Falchion          |    39 |    32 |    46 |       ||   117
       Dagger            |    62 |    93 |   469 |       ||   624
       Glaive            |       |       |    67 |   419 ||   486
Throw: Throwing net      |       |       |     3 |       ||     3
Invok: Curse Item        |       |       |     2 |     1 ||     3
Evoke: Wand              |       |       |       |     2 ||     2
       Sack of spiders   |       |       |       |     1 ||     1
  Use: Potion            |       |     4 |     2 |     8 ||    14
       Scroll            |       |       |     3 |    10 ||    13
 Stab: Sleeping          |    11 |     4 |     2 |    10 ||    27
       Held in net/web   |       |       |     1 |       ||     1
       Distracted        |       |       |     1 |     5 ||     6
       Invisible         |       |       |       |     2 ||     2
  Eat: Chunk             |     2 |     3 |    16 |    22 ||    43
       Fruit             |       |       |     2 |       ||     2
Armor: Robe              |     3 |       |       |       ||     3
       Ring mail         |    17 |    24 |   112 |    84 ||   237
       Scale mail        |       |       |    35 |       ||    35
Dodge: Dodged            |    51 |    72 |   242 |   171 ||   536
       Rpst.: Falchion   |    12 |     6 |    11 |       ||    29
